 Dungeon Sprint DCSS version 0.21-a0-437-ge5bf024 (webtiles) character file.

261 theanonym the Basher (level 6, 0/67 HPs)
             Began as a Gargoyle Fighter on Nov 9, 2017.
             Was a Follower of Trog.
             Slain by a killer bee (1 damage)
             ... in the Dungeon (Sprint IV: "Fedhas' Mad Dash").
             The game lasted 00:02:24 (607 turns).

theanonym the Basher (Gargoyle Fighter)              Turns: 607, Time: 00:02:24

Health: 0/67       AC: 11    Str: 27    XL:     6   Next: 18%
Magic:  6/6        EV:  7    Int:  8    God:    Trog [*.....]
Gold:   71         SH:  9    Dex:  9    Spells: 5/5 levels left

rFire    . . .     SeeInvis .   a - +0 flail
rCold    . . .     Gourm    .   c - +0 shield
rNeg     + . .     Faith    .   k - +0 scale mail
rPois    ∞         Spirit   .   (no helmet)
rElec    +         Reflect  .   (no cloak)
rCorr    .         Harm     .   (no gloves)
MR       .....     NoTele   +   (no boots)
Stlth    ..........             l - amulet of invisibility {+Inv}
HPRegen  0.21/turn              (no ring)
MPRegen  0.10/turn              (no ring)

@: mighty, berserking, hasted, very quick
A: negative energy resistance 1, electricity resistance, unbreathing,
petrification resistance, rot immunity, AC +4
a: Berserk, Burn Spellbooks, Renounce Religion, Evoke Invisibility


Innate Abilities, Weirdness & Mutations

You are resistant to torment.
Your stone body is resilient. (AC +4)
You are immune to poison.
You resist negative energy. (rN+)
You are resistant to electric shocks. (rElec)
You can survive without breathing.
You are immune to petrification.
You are immune to rotting.


   Skills:
 + Level 8.5 Fighting
 * Level 10.2 Maces & Flails
 - Level 3.2 Armour
 - Level 3.2 Shields


You had 5 spell levels left.
You didn't know any spells.

Skill      XL: |  1  2  3  4  5 |
---------------+----------------+-----
Fighting       | 4 5 7 8 |  8.5
Maces & Flails | 3 5 6 8 10 | 10.2
Armour         | |  3.2
Shields        | |  3.2

Action                   |  1- 3 |  4- 6 || total
-------------------------+-------+-------++-------
Melee: Flail             |    21 |    21 ||    42
  Use: Potion            |       |     3 ||     3
Armor: Scale mail        |    16 |    11 ||    27
Dodge: Dodged            |     6 |    13 ||    19
Block: Shield            |    10 |    17 ||    27

Inventory:

Hand Weapons
 a - a +0 flail (weapon)
Armour
 c - a +0 shield (worn)
 k - a +0 scale mail (worn)
Jewellery
 l - the amulet of invisibility (around neck) {+Inv}
   (You found it in the Dungeon)

   [amulet of nothing]

   It lets you turn invisible.
Scrolls
 b - a scroll of blinking
Potions
 e - a potion of curing
 i - 2 potions of magic
 q - a potion of heal wounds
Comestibles
 f - a bread ration
 m - a meat ration

Dungeon Overview and Level Annotations

Branches:
Dungeon (1/1)

Altars:
Cheibriados
Dithmenos
Elyvilon
Gozag
Hepliaklqana
Kikubaaqudgha
Makhleb
Nemelex Xobeh
Okawaru
Qazlal
Ru
Sif Muna
Trog
Uskayaw
Vehumet
Wu Jian
Xom
Yredelemnul
Zin
The Shining One
Beogh
Jiyva
Lugonu You were in the Dungeon. You worshipped Trog.
Trog was aware of your devotion. You were not hungry. You visited 1 branch You collected 71 gold pieces.


Message History

You now have 57 gold pieces (gained 11).
You now have 71 gold pieces (gained 14).
You start resting.
Health restored: 38 You open the door.
There is an open door here. 2 killer bees and a queen bee come into view.
The killer bee buzzes angrily. x2; The queen bee buzzes angrily.
You hear an angry buzzing noise. x2
Found 3 royal jellies.
A killer bee comes into view.
You feel very mighty all of a sudden.
A killer bee comes into view.
Okay, then.
Unknown command.
The killer bee buzzes angrily.
You barely miss the killer bee. You block the killer bee's attack.
The killer bee stings you but does no damage.
You sock the killer bee! You block the killer bee's attack.
The killer bee stings you. You block the killer bee's attack.
The killer bee barely misses you.
The killer bee stings you but does no damage.
You take 2 damage, and have 36/38 hp.
You thump the killer bee!
You kill the killer bee!
Trog accepts your kill.
Your Maces & Flails skill increases to level 9!
The killer bee stings you but does no damage.
You block the killer bee's attack. The killer bee stings you.
The killer bee closely misses you. The killer bee barely misses you.
You take 3 damage, and have 33/39 hp.
The killer bee barely misses you.
The killer bee stings you but does no damage.
You feel yourself speed up. You block the killer bee's attack.
The killer bee stings you but does no damage.
The killer bee stings you. x2
The killer bee stings you but does no damage.
You take 9 damage, and have 24/39 hp.
MASSIVE DAMAGE!!
Okay, then.
Okay, then.
Unknown command.
A red film seems to cover your vision as you go berserk!
You feel yourself moving faster!
You feel mighty! The killer bee barely misses you.
You block the killer bee's attack. The killer bee stings you.
The killer bee barely misses you. x2
You now have 34/58 hp.
You closely miss the killer bee. The killer bee stings you.
The killer bee stings you but does no damage. x2
You block the killer bee's attack.
You take 1 damage, and have 33/58 hp.
You closely miss the killer bee. You block the killer bee's attack.
The killer bee stings you but does no damage.
The killer bee stings you.
The killer bee stings you but does no damage.
You take 1 damage, and have 32/58 hp.
You sock the killer bee! You block the killer bee's attack.
The killer bee stings you. The killer bee barely misses you.
You take 1 damage, and have 31/58 hp.
You closely miss the killer bee. The killer bee barely misses you.
You block the killer bee's attack.
You miss the killer bee. The killer bee barely misses you.
The killer bee stings you.
* * * LOW HITPOINT WARNING * * *
You block the killer bee's attack. The queen bee stings you!
* * * LOW HITPOINT WARNING * * *
You take 14 damage, and have 17/58 hp.
MASSIVE DAMAGE!!
You miss the killer bee. You block the killer bee's attack. x2
The killer bee stings you but does no damage.
You sock the killer bee!
You kill the killer bee!
Trog accepts your kill.
You can now go berserk at will.
Your Fighting skill increases to level 8!
You block the queen bee's attack. The killer bee closely misses you.
You sock the killer bee! You block the killer bee's attack.
You barely miss the killer bee. The killer bee stings you.
* * * LOW HITPOINT WARNING * * *
You block the killer bee's attack. The killer bee stings you.
* * * LOW HITPOINT WARNING * * *
You take 6 damage, and have 12/58 hp.
You sock the killer bee!
You kill the killer bee!
Trog accepts your kill.
Your Maces & Flails skill increases to level 10!
You have reached level 6!
Your experience leads to an increase in your attributes!
Your base attributes are Str 21, Int 8, Dex 9.
Increase (S)trength, (I)ntelligence, or (D)exterity?
You feel stronger.
The queen bee calls on the killer bee to defend it!
The killer bee goes berserk!
The killer bee stings you.
* * * LOW HITPOINT WARNING * * *
MP restored: 6 You hit the killer bee.
You block the killer bee's attack. The killer bee stings you!
* * * LOW HITPOINT WARNING * * *
The queen bee stings you.
* * * LOW HITPOINT WARNING * * *
You take 12 damage, and have 1/67 hp.
You closely miss the killer bee. The killer bee stings you.
You die...

###########################
#<..P#.....#.....#.⌠._._._.
#PP..'†....'.#(..'.._._._._
#PPPP#.....#.#...#..._._._.
###############'##.._._._._
.yy♣........'...#._._._._.
%yy...♣†yy..#...##########
♣..♣@.###### #+#####


You could see a queen bee and a killer bee (berserk).

Notes
Turn   | Place    | Note
-------+----------+-------------------------------------------
     0 | D        | theanonym the Gargoyle Fighter began the quest for the Orb.
     0 | D        | Reached XP level 1. HP: 14/14 MP: 1/1
     0 | D        | theanonym: ??polearms reasoons
     0 | D        | beem: I don't have a page labeled polearms_reasoons in my learndb.
     0 | D        | theanonym: ??polearms reasons
     0 | D        | beem: I don't have a page labeled polearms_reasons in my learndb.
     0 | D        | theanonym: ??polearm reasons
     0 | D        | beem: I don't have a page labeled polearm_reasons in my learndb.
     0 | D        | theanonym: ??axe reasons
     0 | D        | beem: axe reasons ~ axes reasons[1/4]: So you can cleave.
     0 | D        | theanonym: ??sword reasons
     0 | D        | beem: I don't have a page labeled sword_reasons in my learndb.
     0 | D        | theanonym: ??swords reasons
     0 | D        | beem: I don't have a page labeled swords_reasons in my learndb.
    13 | D        | Reached skill level 4 in Fighting
    13 | D        | Reached skill level 3 in Maces & Flails
    13 | D        | Reached XP level 2. HP: 20/20 MP: 2/2
    24 | D        | Noticed an oklob sapling
    26 | D        | Killed an oklob sapling
    26 | D        | Reached skill level 5 in Fighting
    26 | D        | Reached skill level 5 in Maces & Flails
    26 | D        | Reached XP level 3. HP: 26/26 MP: 3/3
    29 | D        | Found the amulet of invisibility {+Inv}
    38 | D        | Reached skill level 6 in Maces & Flails
    38 | D        | Reached XP level 4. HP: 24/32 MP: 4/4
   124 | D        | Found an opulent altar of Gozag.
   124 | D        | Found a hazy altar of Hepliaklqana.
   124 | D        | Found a burning altar of Makhleb.
   124 | D        | Found a roughly hewn altar of Beogh.
   124 | D        | Found a sparkling altar of Nemelex Xobeh.
   124 | D        | Found a snail-covered altar of Cheibriados.
   124 | D        | Found a sacrificial altar of Ru.
   124 | D        | Found a deep blue altar of Sif Muna.
   124 | D        | Found a shimmering altar of Xom.
   124 | D        | Found a basalt altar of Yredelemnul.
   125 | D        | Found a viscous altar of Jiyva.
   125 | D        | Found a bloodstained altar of Trog.
   125 | D        | Found an ornate altar of the Wu Jian Council.
   125 | D        | Noticed an oklob sapling priest
   126 | D        | Found an iron altar of Okawaru.
   126 | D        | Found a glowing silver altar of Zin.
   126 | D        | Found a shadowy altar of Dithmenos.
   127 | D        | Found a hide-covered altar of Uskayaw.
   127 | D        | Found an ancient bone altar of Kikubaaqudgha.
   128 | D        | Found a stormy altar of Qazlal.
   128 | D        | Found a glowing golden altar of the Shining One.
   128 | D        | Found a white marble altar of Elyvilon.
   129 | D        | Found a radiant altar of Vehumet.
   129 | D        | Found a corrupted altar of Lugonu.
   132 | D        | HP: 11/32 [oklob sapling priest/splash of acid (11)]
   132 | D        | HP: 1/32 [acid (10)]
   134 | D        | Killed an oklob sapling priest
   134 | D        | Reached skill level 6 in Fighting
   134 | D        | Reached skill level 7 in Maces & Flails
   140 | D        | Became a worshipper of Trog the Wrathful
   460 | D        | Reached skill level 7 in Fighting
   460 | D        | Reached skill level 8 in Maces & Flails
   460 | D        | Reached XP level 5. HP: 23/38 MP: 5/5
   586 | D        | Noticed a queen bee
   592 | D        | Reached skill level 9 in Maces & Flails
   600 | D        | HP: 29/58 [killer bee (2)]
   602 | D        | Reached * piety under Trog
   602 | D        | Reached skill level 8 in Fighting
   604 | D        | HP: 13/58 [killer bee (5)]
   605 | D        | Reached skill level 10 in Maces & Flails
   605 | D        | Reached XP level 6. HP: 14/45 MP: 6/6
   606 | D        | HP: 6/67 [killer bee (7)]
   606 | D        | HP: 1/67 [queen bee (5)]
   607 | D        | Slain by a killer bee

Vanquished Creatures
  3 killer bees (D)
  3 oklob saplings (D)
  A worker ant (D)
  A river rat (D)
  A rat (D)
9 creatures vanquished.
